3L
MONTANA PANDAS @ KINGSTON TOWNSHIP LEGION
07/12/2024
 
TOP OF THE 1ST
Montana Pandas batting - Pitching for Kingston Township Legion : LHP Yusuke Chikafuji
Pitching: LHP Yusuke Chikafuji
Batting: RHB Jonathan Widdop 0-0: Ball
1-0: Ball
2-0: Ball
3-0: Called Strike
3-1: Base on Balls
Batting: RHB Ted Cook 0-0: Ball
1-0: Ball
2-0: Ball
3-0: Called Strike
3-1: Base on Balls
Jonathan Widdop to second
Batting: LHB Luis Velázquez 0-0: Ball
1-0: Ball
2-0: Ball
3-0: Called Strike
3-1: Called Strike
3-2: Base on Balls
Jonathan Widdop to third
Ted Cook to second
Batting: RHB Brent Ryan 0-0: Fly out, F8 (Flyball, 8LXD)
Runner from 3rd tags up, SCORES, no throw
Ted Cook to third
Batting: RHB Pancho Salaedo 0-0: Called Strike
0-1: Foul Ball, location: 2F
0-2: Ball
1-2: Ball
2-2: Foul Ball, location: 2F
2-2: Fly out, F8 (Flyball, 8LD)
Runner from 3rd tags up, SCORES, no throw
Batting: LHB Mike Pace 0-0: Ball
1-0: Ball
2-0: Called Strike
2-1: Ball
3-1: Fly out, F6 (Popup, 6MD)
Top of the 1st over - 2 run(s), 0 hit(s), 0 error(s), 1 left on base; Montana 2 - Kingston Township 0
BOTTOM OF THE 1ST
Kingston Township Legion batting - Pitching for Montana Pandas : RHP Mike Chambers
Pitching: RHP Mike Chambers
Batting: LHB Forrest McCooke 0-0: Ball
1-0: DOUBLE (Line Drive, 7LS)
Batting: RHB Juan Aguirre 0-0: Ball
1-0: Called Strike
1-1: Ground out 1-3 (Groundball, 13)
Forrest McCooke to third
Batting: RHB Layton Templeman 0-0: Foul Ball, location: 2F
0-1: Ball
1-1: Ball
2-1: SINGLE (Line Drive, 4D)
Forrest McCooke scores
Batting: LHB Clay Rush 0-0: Swinging Strike
0-1: Grounds into double play, U4-3 (Groundball, 4)
Bottom of the 1st over - 1 run(s), 2 hit(s), 0 error(s), 0 left on base; Montana 2 - Kingston Township 1
TOP OF THE 2ND
Montana Pandas batting - Pitching for Kingston Township Legion : LHP Yusuke Chikafuji
Batting: RHB Dani Trejo 0-0: Called Strike
0-1: Foul Ball, location: 2F
0-2: Foul Ball, location: 2F
0-2: Foul Ball, location: 2F
0-2: Ball
1-2: Ball
2-2: Foul Ball, location: 2F
2-2: SINGLE (Line Drive, 8LS)
Batting: RHB Manny Freitas 0-0: Ball
1-0: Swinging Strike
1-1: Called Strike
1-2: Ball
2-2: Grounds into double play, 6-4-3 (Groundball, 6)
Batting: RHB Emílio Ortíz 0-0: Foul Ball, location: 2F
0-1: Ball
1-1: Foul Ball, location: 2F
1-2: Fly out, F9 (Flyball, 9M)
Top of the 2nd over - 0 run(s), 1 hit(s), 0 error(s), 0 left on base; Montana 2 - Kingston Township 1
BOTTOM OF THE 2ND
Kingston Township Legion batting - Pitching for Montana Pandas : RHP Mike Chambers
Batting: RHB Clarence Neal 0-0: Fly out, F8 (Flyball, 8LD)
Batting: RHB Rodrigo Pagán 0-0: Called Strike
0-1: Swinging Strike
0-2: Ball
1-2: Ball
2-2: Foul Ball, location: 2F
2-2: Foul Ball, location: 2F
2-2: Foul Ball, location: 2F
2-2: Foul Ball, location: 2F
2-2: SINGLE (Line Drive, 6D)
Batting: RHB Pedro Mendoza 0-0: Ball
Rodrigo Pagán is caught stealing 2nd base
1-0: Fly out, F8 (Flyball, 8RXD)
Bottom of the 2nd over - 0 run(s), 1 hit(s), 0 error(s), 0 left on base; Montana 2 - Kingston Township 1
TOP OF THE 3RD
Montana Pandas batting - Pitching for Kingston Township Legion : LHP Yusuke Chikafuji
Batting: RHB Jonathan Widdop 0-0: Called Strike
0-1: Ball
1-1: Foul Ball, location: 2F
1-2: Ball
2-2: Ball
3-2: Ground out 6-3 (Groundball, 6M)
Batting: RHB Ted Cook 0-0: Called Strike
0-1: Ball
1-1: SINGLE (Groundball, 4D)
Batting: LHB Luis Velázquez 0-0: Swinging Strike
0-1: Called Strike
0-2: Strikes out swinging
Batting: RHB Brent Ryan 0-0: Called Strike
0-1: Called Strike
0-2: Strikes out swinging
Top of the 3rd over - 0 run(s), 1 hit(s), 0 error(s), 1 left on base; Montana 2 - Kingston Township 1
BOTTOM OF THE 3RD
Kingston Township Legion batting - Pitching for Montana Pandas : RHP Mike Chambers
Batting: LHB Martín Núñes 0-0: Ground out 1-3 (Groundball, 13)
Batting: RHB Noel Wells 0-0: Fly out, F7 (Flyball, 7LM)
Batting: LHB Forrest McCooke 0-0: Foul Ball, location: 2F
0-1: Called Strike
0-2: Ball
1-2: Foul Ball, location: 2F
1-2: Ground out 1-3 (Groundball, 25)
Bottom of the 3rd over - 0 run(s), 0 hit(s), 0 error(s), 0 left on base; Montana 2 - Kingston Township 1
TOP OF THE 4TH
Montana Pandas batting - Pitching for Kingston Township Legion : LHP Yusuke Chikafuji
Batting: RHB Pancho Salaedo 0-0: Foul Ball, location: 2F
0-1: DOUBLE (Line Drive, 89XD)
Batting: LHB Mike Pace 0-0: Ball
1-0: Called Strike
1-1: Ball
2-1: Ball
3-1: Base on Balls
Batting: RHB Dani Trejo 0-0: Ball
1-0: Ball
2-0: DOUBLE (Flyball, 8LD)
Pancho Salaedo scores
Mike Pace to third
Batting: RHB Manny Freitas 0-0: Intentional Walk
Batting: RHB Emílio Ortíz 0-0: Ball
1-0: Called Strike
1-1: Swinging Strike
1-2: Strikes out swinging
Batting: RHB Jonathan Widdop 0-0: Ball
1-0: Called Strike
1-1: Swinging Strike
1-2: Strikes out swinging
Batting: RHB Ted Cook 0-0: Ball
1-0: Fly out, F7 (Line Drive, 7M)
Top of the 4th over - 1 run(s), 2 hit(s), 0 error(s), 3 left on base; Montana 3 - Kingston Township 1
BOTTOM OF THE 4TH
Kingston Township Legion batting - Pitching for Montana Pandas : RHP Mike Chambers
Batting: RHB Juan Aguirre 0-0: Fly out, F7 (Flyball, 78XD)
Batting: RHB Layton Templeman 0-0: DOUBLE (Flyball, 8RD)
Batting: LHB Clay Rush 0-0: Ball
1-0: Swinging Strike
1-1: SINGLE (Line Drive, 89M)
Layton Templeman to third
Runner from 3rd tries for Home, SAFE, no throw or cutoff
Batting: RHB Clarence Neal 0-0: Ball
1-0: Ground out 6-3 (Groundball, 56D)
Clay Rush to second
Batting: RHB Rodrigo Pagán 0-0: Ball
1-0: Called Strike
1-1: Reached on error, E4 (Groundball, 4)
Clay Rush scores
Batting: RHB Pedro Mendoza 0-0: Called Strike
0-1: Ball
1-1: Swinging Strike
1-2: Foul Ball, location: 2F
1-2: Ball
2-2: Strikes out swinging
Bottom of the 4th over - 2 run(s), 2 hit(s), 1 error(s), 1 left on base; Montana 3 - Kingston Township 3
TOP OF THE 5TH
Montana Pandas batting - Pitching for Kingston Township Legion : LHP Yusuke Chikafuji
Batting: LHB Luis Velázquez 0-0: Ball
1-0: Ball
2-0: Called Strike
2-1: Swinging Strike
2-2: Foul Ball, location: 2F
2-2: Fly out, F7 (Flyball, 7M)
Batting: RHB Brent Ryan 0-0: Ball
1-0: Called Strike
1-1: Swinging Strike
1-2: Ball
2-2: Fly out, F4 (Popup, 3D)
Batting: RHB Pancho Salaedo 0-0: Called Strike
0-1: Fly out, F9 (Flyball, 9LM)
Top of the 5th over - 0 run(s), 0 hit(s), 0 error(s), 0 left on base; Montana 3 - Kingston Township 3
BOTTOM OF THE 5TH
Kingston Township Legion batting - Pitching for Montana Pandas : RHP Mike Chambers
Batting: LHB Martín Núñes 0-0: Foul Ball, location: 2F
0-1: Ball
1-1: Ball
2-1: Foul Ball, location: 2F
2-2: Ball
3-2: Fly out, F8 (Flyball, 8RM)
Batting: RHB Noel Wells 0-0: Fly out, F6 (Popup, 6M)
Batting: LHB Forrest McCooke 0-0: Bunt for hit - play at first, batter OUT! 2-3
Bottom of the 5th over - 0 run(s), 0 hit(s), 0 error(s), 0 left on base; Montana 3 - Kingston Township 3
TOP OF THE 6TH
Montana Pandas batting - Pitching for Kingston Township Legion : LHP Yusuke Chikafuji
Pitching: LHP Bill Washington
Batting: LHB Mike Pace 0-0: Called Strike
0-1: Fly out, F8 (Flyball, 8LS)
Batting: RHB Dani Trejo 0-0: TRIPLE (Flyball, 9LM)
Batting: RHB Manny Freitas 0-0: Intentional Walk
Batting: RHB Emílio Ortíz 0-0: Called Strike
0-1: Foul Ball, location: 2F
0-2: Ball
1-2: Foul Ball, location: 2F
1-2: Strikes out swinging
Batting: RHB Jonathan Widdop 0-0: Called Strike
0-1: SINGLE (Line Drive, 8RS)
Dani Trejo scores
Manny Freitas to second
Runner from 2nd tries for 3rd, SAFE, throw made to third
Batting: RHB Ted Cook 0-0: SINGLE (Line Drive, 8LS)
Manny Freitas scores
Jonathan Widdop to second
Batting: LHB Luis Velázquez 0-0: Called Strike
0-1: Ball
1-1: Ball
2-1: Ball
3-1: Foul Ball, location: 2F
3-2: Fly out, F7 (Flyball, 7LMF)
Top of the 6th over - 2 run(s), 3 hit(s), 0 error(s), 2 left on base; Montana 5 - Kingston Township 3
BOTTOM OF THE 6TH
Kingston Township Legion batting - Pitching for Montana Pandas : RHP Mike Chambers
Batting: RHB Juan Aguirre 0-0: Ball
1-0: Ball
2-0: Foul Ball, location: 2F
2-1: Called Strike
2-2: Ball
3-2: DOUBLE (Line Drive, 7D)
Batting: RHB Layton Templeman 0-0: Ball
1-0: Called Strike
1-1: SINGLE (Line Drive, 4D)
Juan Aguirre to third
Runner from 3rd tries for Home, SAFE, throw made home
Layton Templeman to second
Batting: LHB Clay Rush 0-0: Ball
1-0: Called Strike
1-1: Ball
2-1: Foul Ball, location: 2F
2-2: Foul Ball, location: 2F
2-2: Ball
3-2: Base on Balls
Pitching: RHP Guillermo Pérez
Batting: RHB Clarence Neal 0-0: Called Strike
0-1: Ball
1-1: Foul Ball, location: 2F
1-2: Ball
2-2: Ball
3-2: Grounds into double play, 6-4-3 (Groundball, 6)
Layton Templeman to third
Batting: RHB Rodrigo Pagán 0-0: Ball
1-0: SINGLE (Groundball, 4MD)
Layton Templeman scores
Batting: RHB Pedro Mendoza 0-0: Ball
1-0: Called Strike
1-1: Called Strike
1-2: Foul Ball, location: 2F
1-2: Ball
2-2: Fielders Choice at 2nd, 5-4 (Groundball, 56)
Bottom of the 6th over - 2 run(s), 3 hit(s), 0 error(s), 0 left on base; Montana 5 - Kingston Township 5
TOP OF THE 7TH
Montana Pandas batting - Pitching for Kingston Township Legion : LHP Bill Washington
Batting: RHB Brent Ryan 0-0: Ball
1-0: Ball
2-0: Swinging Strike
2-1: SINGLE (Groundball, 56D)
Batting: RHB Pancho Salaedo 0-0: Ball
1-0: Foul Ball, location: 2F
1-1: Ground out 5-3 (Groundball, 5S)
Brent Ryan to second
Batting: LHB Mike Pace 0-0: Ball
1-0: Fly out, F4 (Popup, 9LMF)
Batting: RHB Dani Trejo 0-0: Hit by Pitch
Batting: RHB Manny Freitas 0-0: Ball
1-0: Called Strike
1-1: Called Strike
1-2: Ball
2-2: Ground out 1-3 (Groundball, 23)
Top of the 7th over - 0 run(s), 1 hit(s), 0 error(s), 2 left on base; Montana 5 - Kingston Township 5
BOTTOM OF THE 7TH
Kingston Township Legion batting - Pitching for Montana Pandas : RHP Guillermo Pérez
Batting: LHB Martín Núñes 0-0: Ground out 4-3 (Groundball, 34)
Batting: RHB Noel Wells 0-0: Swinging Strike
0-1: Ball
1-1: Ball
2-1: Ball
3-1: Ground out 6-3 (Groundball, 6)
Batting: LHB Forrest McCooke 0-0: Ball
1-0: Foul Ball, location: 2F
1-1: Ground out 4-3 (Groundball, 4MS)
Bottom of the 7th over - 0 run(s), 0 hit(s), 0 error(s), 0 left on base; Montana 5 - Kingston Township 5
TOP OF THE 8TH
Montana Pandas batting - Pitching for Kingston Township Legion : LHP Bill Washington
Batting: RHB Emílio Ortíz 0-0: Ball
1-0: Ball
2-0: Foul Ball, location: 2F
2-1: Foul Ball, location: 2F
2-2: Ball
3-2: Ground out 1-3 (Groundball, 25)
Batting: RHB Jonathan Widdop 0-0: Called Strike
0-1: Ball
1-1: Swinging Strike
1-2: Fly out, F3 (Line Drive, 3F)
Pitching: RHP Albert Días
Batting: RHB Ted Cook 0-0: SINGLE (Groundball, 4MD)
Batting: LHB Luis Velázquez 0-0: Ball
1-0: Ball
2-0: Ball
3-0: Called Strike
3-1: Base on Balls
Ted Cook to second
Batting: RHB Brent Ryan 0-0: Ball
1-0: Fly out, F2 (Popup, 2RF)
Top of the 8th over - 0 run(s), 1 hit(s), 0 error(s), 2 left on base; Montana 5 - Kingston Township 5
BOTTOM OF THE 8TH
Kingston Township Legion batting - Pitching for Montana Pandas : RHP Guillermo Pérez
Batting: RHB Juan Aguirre 0-0: Ground out 4-3 (Groundball, 4)
Batting: RHB Layton Templeman 0-0: Foul Ball, location: 2F
0-1: DOUBLE (Line Drive, 7D)
Batting: LHB Clay Rush 0-0: Intentional Walk
Batting: RHB Clarence Neal 0-0: Called Strike
0-1: Called Strike
0-2: SINGLE (Flyball, 9LM)
Layton Templeman to third
Clay Rush to second
Runner from 3rd tries for Home, SAFE, throw made home
Batting: RHB Rodrigo Pagán 0-0: Called Strike
0-1: Ground out 4-3 (Groundball, 4M)
Clay Rush to third
Clarence Neal to second
Batting: RHB Pedro Mendoza 0-0: Ball
1-0: Called Strike
1-1: Swinging Strike
1-2: Foul Ball, location: 2F
1-2: Ball
2-2: Ground out 6-3 (Groundball, 6M)
Bottom of the 8th over - 1 run(s), 2 hit(s), 0 error(s), 2 left on base; Montana 5 - Kingston Township 6
TOP OF THE 9TH
Montana Pandas batting - Pitching for Kingston Township Legion : RHP Albert Días
Pitching: RHP Jesús Prieto
Now in CF: Henry Mann
Batting: RHB Pancho Salaedo 0-0: Ball
1-0: Ball
2-0: Ball
3-0: Called Strike
3-1: Called Strike
3-2: Foul Ball, location: 2F
3-2: SINGLE (Groundball, 4D)
Batting: LHB Mike Pace 0-0: Ball
1-0: Ball
2-0: Ball
3-0: Called Strike
3-1: Base on Balls
Pancho Salaedo to second
Pinch Hitting: LHB Qi-zhen Loong 0-0: Ball
1-0: Swinging Strike
1-1: Foul Ball, location: 2F
1-2: Ball
2-2: Ball
3-2: Foul Ball, location: 2F
3-2: Base on Balls
Pancho Salaedo to third
Mike Pace to second
Batting: RHB Manny Freitas 0-0: Ball
1-0: Ball
2-0: DOUBLE (Line Drive, 8LXD)
Pancho Salaedo scores
Mike Pace scores
Qi-zhen Loong to third
Batting: RHB Emílio Ortíz 0-0: Ground out 4-3 (Groundball, 4)
Batting: RHB Jonathan Widdop 0-0: Foul Ball, location: 2F
0-1: Ball
1-1: Fly out, F3 (Popup, 3F)
Batting: RHB Ted Cook 0-0: Ground out 5-3 (Groundball, 5)
Top of the 9th over - 2 run(s), 2 hit(s), 0 error(s), 2 left on base; Montana 7 - Kingston Township 6
BOTTOM OF THE 9TH
Kingston Township Legion batting - Pitching for Montana Pandas : RHP Guillermo Pérez
Pitching: LHP Billy Black
Now in RF: Ricardo Miranda
Pinch Hitting: SHB Bruce Hunt 0-0: Called Strike
0-1: Swinging Strike
0-2: Foul Ball, location: 2F
0-2: Ball
1-2: Ball
2-2: Foul Ball, location: 2F
2-2: Ball
3-2: Foul Ball, location: 2F
3-2: Base on Balls
Batting: RHB Noel Wells 0-0: Ball
1-0: Foul Ball, location: 2F
1-1: Called Strike
1-2: Ball
2-2: Ball
3-2: Base on Balls
Bruce Hunt to second
Batting: LHB Forrest McCooke 0-0: Sac Bunt - play at first, batter OUT! 3-4
Bruce Hunt to third
Noel Wells to second
Batting: RHB Juan Aguirre 0-0: SINGLE (Groundball, 4)
Bruce Hunt scores
Noel Wells to third
Runner from 3rd tries for Home, SAFE, throw made home
This league is powered by Out of the Park Baseball, the baseball management simulation game for PC, Mac and Linux
Monday, October 3rd, 2016 - OOTP Baseball 16.9 Build 39